 Dungeon Sprint DCSS version 0.26-a0-649-gf8c6c3aab7 (webtiles) character file.

Game seed: 17793495189855011340

1983 sahdkjhfkaj the Eclecticist (level 9, -1/45 HPs)
             Began as a Tengu Conjurer on Sept 26, 2020.
             Was a Believer of Sif Muna.
             Shot with an arrow by a centaur warrior (4 damage)
             ... in the Dungeon (Sprint IX: "|||||||||||||||||||||||||||||").
             The game lasted 00:01:15 (772 turns).

sahdkjhfkaj the Eclecticist (Tengu Conjurer)         Turns: 772, Time: 00:01:15

Health: -1/45      AC:  3    Str: 10    XL:     9   Next: 20%
Magic:  17/30      EV: 17    Int: 23    God:    Sif Muna [**....]
Gold:   0          SH:  0    Dex: 12    Spells: 38/41 levels left

rFire    . . .     SeeInvis .   l - +2 scimitar (holy)
rCold    . . .     Faith    .   (no shield)
rNeg     . . .     Spirit   .   a - +0 robe
rPois    .         Reflect  .   (helmet restricted)
rElec    .         Harm     .   (no cloak)
rCorr    .         Rampage  .   m - +0 pair of gloves
MR       .....     NoTele   +   (boots unavailable)
Stlth    ++........             (no amulet)
HPRegen  0.15/turn              n - +2 ring of evasion
MPRegen  0.22/turn              o - +3 ring of strength

@: flying quickly and evasively, quick
A: beak, talons 3, able to fly
a: Stop Flying, Channel Magic, Renounce Religion


You were in the Dungeon.
You worshipped Sif Muna.
Sif Muna was pleased with you.
You visited 1 branch

Inventory:

Hand Weapons
 l - a +2 scimitar of holy wrath (weapon)
Armour
 a - a +0 robe (worn)
 m - a +0 pair of gloves (worn)
Jewellery
 n - a +2 ring of evasion (left hand)
 o - a +3 ring of strength (right hand)
Wands
 k - a wand of iceblast (10)
Scrolls
 h - 2 scrolls of blinking
 i - 3 scrolls of remove curse
 j - 2 scrolls of amnesia
Potions
 b - a potion of invisibility
 c - 5 potions of curing
 d - a potion of heal wounds
 e - a potion of haste
 f - 4 potions of magic
 g - a potion of berserk rage


   Skills:
 - Level 2.1 Dodging
 - Level 2.0 Stealth
 + Level 16.5 Spellcasting
 - Level 10.2 Conjurations


You had 38 spell levels left.
You knew the following spells:

 Your Spells              Type           Power        Failure   Level
a - Magic Dart            Conj           ####         1%          1
b - Searing Ray           Conj           ######       1%          2

Your spell library contained the following spells:

 Spells                   Type           Power        Failure   Level
 Dazzling Flash           Conj/Hex       #####.       1%          3
 Fulminant Prism          Conj/Hex       #####.....   3%          4
 Iskenderun's Mystic Bla  Conj/Tloc      #####...     3%          4


Dungeon Overview and Level Annotations

Branches:
Dungeon (1/1)

Altars:
Cheibriados
Dithmenos
Elyvilon
Fedhas
Gozag
Hepliaklqana
Kikubaaqudgha
Makhleb
Nemelex Xobeh
Okawaru
Qazlal
Ru
Sif Muna
Trog
Uskayaw
Vehumet
Wu Jian
Xom
Yredelemnul
Zin
The Shining One
Beogh
Jiyva
Lugonu


Innate Abilities, Weirdness & Mutations

You have a beak for a mouth.
You have claws for feet.
You can fly continuously.


Message History

Your Spellcasting skill gained 2 levels and is now at level 15!
You have reached level 8!
You feel clever.
The searing ray hits the centaur warrior!
You kill the centaur warrior!
Sif Muna accepts your kill.
Your Spellcasting skill increases to level 16!
You have reached level 9!
Your experience leads to an increase in your attributes!
Your base attributes are Str 7, Int 22, Dex 12.
Increase (S)trength, (I)ntelligence, or (D)exterity?
You feel clever.
The searing ray hits the centaur warrior!
The centaur warrior is almost dead.
The searing ray hits the howler monkey!
The howler monkey is severely wounded.
You finish channeling your searing ray.
The centaur warrior wields a +0 longbow.
The centaur warrior shoots an arrow.
The arrow hits you.
You die...

▓.▓
▓D▓
▓.▓
▓h▓
▓c▓
▓)▓
▓)▓
▓@▓
▓.▓
▓.▓
▓.▓
▓†▓
▓.▓
▓)▓
▓.▓
▓.▓


You could see a centaur warrior, an acid dragon and a howler monkey (catching
breath).

Vanquished Creatures
  2 centaur warriors (D)
  A wyvern (D)
  A water moccasin (D)
  An orc warrior (D)
  2 ice beasts (D)
  A scorpion (D)
  2 hounds (D)
  A worker ant (D)
  An ooze (D)
  A leopard gecko (D)
  An orc (D)
  A goblin (D)
  A quokka (D)
  A bat (D)
  A frilled lizard (D)
  A rat (D)
19 creatures vanquished.

Notes
Turn   | Place    | Note
-------+----------+-------------------------------------------
     0 | D        | sahdkjhfkaj the Tengu Conjurer began the quest for the Orb.
     0 | D        | Reached XP level 1. HP: 10/10 MP: 4/4
    63 | D        | Reached skill level 3 in Spellcasting
    63 | D        | Reached XP level 2. HP: 15/15 MP: 2/7
   161 | D        | Learned a level 2 spell: Searing Ray
   161 | D        | Noticed a water moccasin
   161 | D        | Noticed an ice beast
   163 | D        | Reached skill level 4 in Spellcasting
   163 | D        | Reached XP level 3. HP: 11/19 MP: 6/10
   288 | D        | Reached skill level 5 in Spellcasting
   288 | D        | Reached XP level 4. HP: 24/24 MP: 4/12
   289 | D        | Killed an ice beast
   289 | D        | Reached skill level 7 in Spellcasting
   289 | D        | Reached skill level 10 in Conjurations
   289 | D        | Gained mutation: You can fly continuously. [Tengu growth]
   289 | D        | Reached XP level 5. HP: 15/28 MP: 4/16
   289 | D        | Killed a water moccasin
   289 | D        | Reached skill level 9 in Spellcasting
   289 | D        | Reached XP level 6. HP: 17/32 MP: 4/19
   556 | D        | Found a roughly hewn altar of Beogh.
   556 | D        | Found a snail-covered altar of Cheibriados.
   556 | D        | Found a shadowy altar of Dithmenos.
   556 | D        | Found a white marble altar of Elyvilon.
   556 | D        | Found a blossoming altar of Fedhas.
   556 | D        | Found an opulent altar of Gozag.
   557 | D        | Found a hazy altar of Hepliaklqana.
   558 | D        | Found a viscous altar of Jiyva.
   559 | D        | Found an ancient bone altar of Kikubaaqudgha.
   560 | D        | Found a corrupted altar of Lugonu.
   561 | D        | Found a burning altar of Makhleb.
   562 | D        | Found a sparkling altar of Nemelex Xobeh.
   563 | D        | Found an iron altar of Okawaru.
   564 | D        | Found a stormy altar of Qazlal.
   565 | D        | Found a sacrificial altar of Ru.
   566 | D        | Found a shimmering blue altar of Sif Muna.
   567 | D        | Found a bloodstained altar of Trog.
   568 | D        | Found a hide-covered altar of Uskayaw.
   569 | D        | Found a radiant altar of Vehumet.
   570 | D        | Found an ornate altar of the Wu Jian Council.
   571 | D        | Found a shimmering altar of Xom.
   572 | D        | Found a basalt altar of Yredelemnul.
   573 | D        | Found a glowing silver altar of Zin.
   574 | D        | Became a worshipper of Sif Muna the Loreminder
   575 | D        | Found a glowing golden altar of the Shining One.
   610 | D        | Noticed an orc warrior
   610 | D        | Noticed an ice beast
   610 | D        | Noticed a wyvern
   612 | D        | Killed an ice beast
   612 | D        | Reached skill level 10 in Spellcasting
   614 | D        | Reached * piety under Sif Muna
   614 | D        | Reached skill level 11 in Spellcasting
   617 | D        | Killed a wyvern
   617 | D        | Reached skill level 12 in Spellcasting
   617 | D        | Reached XP level 7. HP: 19/36 MP: 13/23
   619 | D        | Reached ** piety under Sif Muna
   619 | D        | Reached skill level 13 in Spellcasting
   764 | D        | Noticed a centaur warrior
   764 | D        | Noticed a centaur warrior
   764 | D        | Noticed a centaur warrior
   767 | D        | HP: 1/36 [centaur warrior/arrow (21)]
   772 | D        | Killed a centaur warrior
   772 | D        | Reached skill level 15 in Spellcasting
   772 | D        | Reached XP level 8. HP: 3/41 MP: 18/28
   772 | D        | Killed a centaur warrior
   772 | D        | Reached skill level 16 in Spellcasting
   772 | D        | Reached XP level 9. HP: 3/45 MP: 18/30
   772 | D        | Shot with an arrow by a centaur warrior

Illustrated notes

Levels and vault maps discovered:
D:        linesprint [early_d, line_temple, items_1, d_10, items_2, lair_1,
          lair_end, items_3, orc_1, orc_end, items_4, d_15, swamp_1, shoals_1,
          snake_1, spider_1, d_20, vaults_1, items_5, swamp_end, shoals_end,
          snake_end, spider_end, vaults_end, d_27, items_6, zot_1, zot_end,
          crypt_end, forest_end, elf_end, slime_end, tomb_end, abyss_end,
          pan_hell_end]

Skill      XL: |  1  2  3  4  5  6  7  8 |
---------------+-------------------------+-----
Spellcasting   | 3 4 5 7 9 12 15 16 | 16.5
Conjurations   | 6 8 9 10 | 10.2
Dodging        | |  2.1
Stealth        | |  2.0

Action                   |  1- 3 |  4- 6 |  7- 9 || total
-------------------------+-------+-------+-------++-------
Melee: Unarmed           |     6 |       |       ||     6
       Peck              |     1 |       |       ||     1
 Cast: Magic Dart        |     9 |       |       ||     9
       Searing Ray       |     2 |     3 |     2 ||     7
 Abil: Fly               |       |     1 |       ||     1
  Use: Potion            |     1 |       |     1 ||     2
Armor: Robe              |     2 |     1 |     1 ||     4
Dodge: Dodged            |    12 |     5 |     2 ||    19

Table legend: (Time is in decaauts)
 A = Elapsed time spent in this place.
 B = Non-inter-level travel time spent in this place.
 C = Inter-level travel time spent in this place.
 D = Time resting spent in this place.
 E = Time spent auto-exploring this place.
 F = Levels seen in this place.
 G = Mean time per level.
                   A        B        C        D        E       F      G
               +--------+--------+--------+--------+--------+-----+--------+
         Total |    765 |    765 |      0 |    506 |    142 |   1 |  765.0 |
       Dungeon |    765 |    765 |      0 |    506 |    142 |   1 |  765.0 |
               +--------+--------+--------+--------+--------+-----+--------+

Top non-repeatable levels by time:
       D: 765 daAuts
